 Dungeon Crawl Stone Soup version 0.17.1-1-g73c8601 (webtiles) character file.

3650 SkunkyPete the Grappler (level 9, 0/77 (80) HPs)
             Began as a Troll Monk on Jan 7, 2016.
             Was an Elder of Okawaru.
             Slain by Joseph
             ... wielding a +0 quarterstaff
              (14 damage)
             ... on level 7 of the Dungeon.
             The game lasted 00:06:59 (5145 turns).

SkunkyPete the Grappler (Troll Monk)                Turns: 5145, Time: 00:06:59

HP:   0/77 (80)     AC:  6    Str: 21    XL:     9   Next: 88%
MP:   8/8           EV: 10    Int:  9    God:    Okawaru [****..]
Gold: 262           SH:  0    Dex: 10    Spells: 0 memorised, 8 levels left

rFire  + . .     SeeInvis .       - Unarmed
rCold  . . .     Clarity  .     A - +1 robe {MR+}
rNeg   . . .     SustAt   .     (no shield)
rPois  .         Gourm    +     (helmet restricted)
rElec  .         Spirit   .     (no cloak)
rCorr  .         Warding  .     (gloves unavailable)
rMut   +         Stasis   .     (boots unavailable)
MR     +....                    w - amulet of resist mutation
Stlth  +.........               E - ring of protection from fire
                                n - -2 ring of dexterity (curse)

@: somewhat resistant to hostile enchantments, very unstealthy
A: unfitting armour, claws 3, fast metabolism 3, gourmand, regeneration 2,
shaggy fur 1, tough skin 2
a: Heroism, Renounce Religion


You were on level 7 of the Dungeon.
You worshipped Okawaru.
Okawaru was greatly pleased with you.
You were very full.

You visited 2 branches of the dungeon, and saw 8 of its levels.

You collected 262 gold pieces.

Inventory:

Hand Weapons
 F - a +0 giant spiked club
Armour
 A - a +1 robe of magic resistance (worn)
Rods
 r - a -2 rod of inaccuracy (13/13)
   (You found it on level 3 of the Dungeon)
Jewellery
 n - a cursed -2 ring of dexterity (left claw)
 w - an amulet of resist mutation (around neck)
 E - a ring of protection from fire (right claw)
Wands
 i - a wand of slowing (25)
 j - a wand of paralysis (6)
Scrolls
 c - 3 scrolls of immolation {unknown}
 d - a scroll of fog {unknown}
 e - 4 scrolls of identify {unknown}
 f - a scroll of remove curse {unknown}
 l - 2 scrolls of teleportation {unknown}
 q - a scroll of enchant weapon {unknown}
 s - a scroll of fear {unknown}
 v - a scroll of random uselessness {unknown}
 x - a scroll of magic mapping {unknown}
 y - a scroll of recharging {unknown}
 z - 3 scrolls of blinking {unknown}
 B - a scroll of noise {unknown}
Potions
 a - a potion of cancellation
 k - 2 potions of beneficial mutation {unknown}
 t - a potion of heal wounds
 D - a potion of magic {unknown}
Comestibles
 b - 3 bread rations
 g - a slice of pizza
 h - a royal jelly
 m - 4 beef jerkies
 o - 3 fruits
 u - a meat ration
 C - 3 chunks of flesh


   Skills:
 - Level 2.4 Fighting
 - Level 2.4 Dodging
 - Level 1.1 Stealth
 * Level 14.1 Unarmed Combat


You had 8 spell levels left.
You didn't know any spells.

Dungeon Overview and Level Annotations

Branches:
Dungeon (7/15)             Temple (1/1) D:5

Altars:
Cheibriados
Dithmenos
Elyvilon
Kikubaaqudgha
Okawaru
Qazlal
Ru
Sif Muna
Trog
Xom

Annotations:
D:7 Joseph


Innate Abilities, Weirdness & Mutations

You are too large for most types of armour.
You have claws for hands.
Your metabolism is lightning-fast.
You like to eat raw meat.
You heal very quickly.
You are covered in fur (AC +1).
You have very tough skin (AC +2).


Message History

Joseph barely misses you.
You barely miss Joseph.
Joseph is moderately wounded.
You claw Joseph!
Joseph is heavily wounded.
Joseph hits you with a quarterstaff!
You claw Joseph!
Joseph is severely wounded.
Joseph hits you but does no damage.
You scratch Joseph.
Joseph is severely wounded.
You barely miss Joseph.
Joseph is severely wounded.
Joseph hits you with a quarterstaff!
* * * LOW HITPOINT WARNING * * *
You are too injured to fight recklessly!
You claw Joseph!
Joseph is almost dead.
Joseph hits you with a quarterstaff!
You die...

#. #. #. # #.####
.# ##....###.##.
..(.........
.#####.@........
.......@.....#
########.#####
#.# #.# #.#
#.###############
#................
#################


You could see Joseph.

Vanquished Creatures
  The ghost of grizfap the Shield-Bearer, a novice MiFi of Trog (D:5)
  A centaur skeleton (D:7)
  Sigmund (D:4)
  2 hippogriffs (D:7)
  Edmund (D:6)
  An orc warrior (D:6)
  2 ice beasts
  2 ogres
  2 sky beasts (D:5)
  A necrophage (D:6)
  2 phantoms
  A black bear (D:7)
  3 centaurs
  Blork the orc (D:4)
  3 giant frogs
  A scorpion (D:6)
  3 crimson imps
  3 orc priests
  2 giant frog skeletons
  2 hounds
  8 orc wizards
  6 worker ants
  A hound zombie (D:5)
  A worker ant zombie (D:5)
  4 adders
  A shadow imp (D:6)
  2 oozes
  An adder skeleton (D:5)
  2 worms
  8 giant geckos
  23 orcs
  4 bats
  4 giant cockroaches
  6 hobgoblins
  2 ball pythons
  A ball python skeleton (D:4)
  3 giant newts
  8 goblins
  2 kobolds
  3 quokkas
  11 rats
136 creatures vanquished.

Notes
Turn   | Place    | Note
--------------------------------------------------------------
     0 | D:1      | SkunkyPete the Troll Monk began the quest for the Orb.
     0 | D:1      | Reached XP level 1. HP: 22/22 MP: 0/0
   152 | D:1      | Reached XP level 2. HP: 29/29 MP: 1/1
   496 | D:2      | Found a stormy altar of Qazlal.
   793 | D:2      | Reached skill level 5 in Unarmed Combat
   796 | D:2      | Reached XP level 3. HP: 36/36 MP: 2/2
  1641 | D:3      | Noticed an ogre
  1646 | D:3      | Killed an ogre
  1646 | D:3      | Reached skill level 6 in Unarmed Combat
  1646 | D:3      | Reached XP level 4. HP: 22/44 MP: 3/3
  1646 | D:3      | Reached XP level 5. HP: 25/50 MP: 4/4
  1705 | D:3      | Found a deep blue altar of Sif Muna.
  1904 | D:3      | Noticed a phantom
  1913 | D:3      | Killed a phantom
  1913 | D:3      | Reached skill level 7 in Unarmed Combat
  1982 | D:3      | Reached XP level 6. HP: 53/59 MP: 5/5
  2026 | D:4      | Noticed Sigmund
  2047 | D:4      | Killed Sigmund
  2047 | D:4      | Reached skill level 8 in Unarmed Combat
  2152 | D:4      | Reached XP level 7. HP: 59/66 MP: 6/6
  2356 | D:4      | Noticed Blork the orc
  2363 | D:4      | Killed Blork the orc
  2363 | D:4      | Reached skill level 9 in Unarmed Combat
  2640 | D:4      | Identified a -2 rod of inaccuracy (13/13) (You found it on level 3 of the Dungeon)
  2659 | D:5      | Entered Level 5 of the Dungeon
  2673 | D:5      | Noticed grizfap's ghost (novice MiFi)
  3034 | D:5      | Killed grizfap's ghost
  3034 | D:5      | Reached skill level 10 in Unarmed Combat
  3034 | D:5      | Reached XP level 8. HP: 51/74 MP: 7/7
  3181 | D:5      | Reached skill level 11 in Unarmed Combat
  3346 | D:5      | Found a snail-covered altar of Cheibriados.
  3456 | D:5      | Found a staircase to the Ecumenical Temple.
  3543 | Temple   | Entered the Ecumenical Temple
  3631 | Temple   | Became a worshipper of Warmaster Okawaru
  3631 | Temple   | Reached * piety under Okawaru
  3631 | Temple   | Reached ** piety under Okawaru
  3726 | D:6      | Found a shadowy altar of Dithmenos.
  3734 | D:6      | Reached skill level 12 in Unarmed Combat
  3963 | D:6      | Noticed Edmund
  3980 | D:6      | Killed Edmund
  3980 | D:6      | Reached XP level 9. HP: 58/80 MP: 8/8
  4689 | D:6      | Reached skill level 13 in Unarmed Combat
  4781 | D:7      | Reached *** piety under Okawaru
  4841 | D:7      | Found an ancient bone altar of Kikubaaqudgha.
  4880 | D:7      | Noticed a centaur skeleton
  4886 | D:7      | Killed a centaur skeleton
  5047 | D:7      | Found a sacrificial altar of Ru.
  5057 | D:7      | Reached skill level 14 in Unarmed Combat
  5060 | D:7      | Reached **** piety under Okawaru
  5133 | D:7      | Noticed Joseph
  5145 | D:7      | Slain by Joseph

Action                   |  1- 3 |  4- 6 |  7- 9 || total
-------------------------+-------+-------+-------++-------
Melee: Unarmed           |   107 |    67 |   245 ||   419
  Use: Potion            |       |       |     5 ||     5
 Stab: Sleeping          |     3 |       |       ||     3
  Eat: Chunk             |    18 |     7 |    27 ||    52
